3AAA
SANTA BARBARA GOLDEN CRANES @ SUNSET DISTRICT FOG
08/21/2030
 
TOP OF THE 1ST
Santa Barbara Golden Cranes batting - Pitching for Sunset District Fog : RHP Miguel Cabañas
Pitching: RHP Miguel Cabañas
Batting: RHB James Pike 0-0: Called Strike
0-1: Ball
1-1: Bunt for hit - play at first, batter OUT! 5-3
Batting: RHB Ed St. James 0-0: Ball
1-0: Ball
2-0: Called Strike
2-1: Ground out 5-3 (Groundball, 56)
Batting: RHB Gilbert Graham 0-0: Called Strike
0-1: Ball
1-1: Swinging Strike
1-2: Ball
2-2: Foul Ball, location: 2F
2-2: Foul Ball, location: 2F
2-2: Strikes out swinging
Top of the 1st over - 0 runs, 0 hits, 0 errors, 0 left on base; Santa Barbara 0 - Sunset District 0
BOTTOM OF THE 1ST
Sunset District Fog batting - Pitching for Santa Barbara Golden Cranes : RHP José Guillén
Pitching: RHP José Guillén
Batting: SHB Orlando Villa 0-0: Fly out, F9 (Flyball, 9LS)
Batting: LHB Armando Carmona 0-0: Ball
1-0: Foul Ball, location: 2F
1-1: Swinging Strike
1-2: Ground out 4-3 (Groundball, 34)
Batting: RHB Alfonso Nazario 0-0: Ball
1-0: Ball
2-0: Foul Ball, location: 2F
2-1: Fly out, F7 (Flyball, 7LS)
Bottom of the 1st over - 0 runs, 0 hits, 0 errors, 0 left on base; Santa Barbara 0 - Sunset District 0
TOP OF THE 2ND
Santa Barbara Golden Cranes batting - Pitching for Sunset District Fog : RHP Miguel Cabañas
Batting: RHB Byron Isaacson 0-0: Ball
1-0: Ball
2-0: Called Strike
2-1: Ball
3-1: Foul Ball, location: 2F
3-2: Foul Ball, location: 2F
3-2: Strikes out swinging
Batting: LHB Sixto Álvarez 0-0: Foul Ball, location: 2F
0-1: Foul Ball, location: 2F
0-2: Foul Ball, location: 2F
0-2: Foul Ball, location: 2F
0-2: Ball
1-2: Foul Ball, location: 2F
1-2: Foul Ball, location: 2F
1-2: DOUBLE (Flyball, 78D)
Batting: RHB Christian Turner 0-0: Called Strike
0-1: Ball
1-1: Fly out, F7 (Flyball, 7D)
Batting: RHB Héctor Moreno 0-0: Ball
1-0: Called Strike
1-1: Foul Ball, location: 2F
1-2: Ball
2-2: Foul Ball, location: 2F
2-2: Ball
3-2: Ground out 3-1 (Groundball, 34)
Top of the 2nd over - 0 runs, 1 hit, 0 errors, 1 left on base; Santa Barbara 0 - Sunset District 0
BOTTOM OF THE 2ND
Sunset District Fog batting - Pitching for Santa Barbara Golden Cranes : RHP José Guillén
Batting: RHB Chad Shafer 0-0: Ball
1-0: Swinging Strike
1-1: Ball
2-1: Foul Ball, location: 2F
2-2: Strikes out swinging
Batting: RHB José Vargas 0-0: Called Strike
0-1: Ball
1-1: Called Strike
1-2: Foul Ball, location: 2F
1-2: Strikes out swinging
Batting: RHB Jud Regan 0-0: Ball
1-0: Ball
2-0: SOLO HOME RUN (Flyball, 7D), Distance : 398 ft
Batting: LHB Enrique Vásquez 0-0: Foul Ball, location: 2F
0-1: Fly out, F7 (Flyball, 7)
Bottom of the 2nd over - 1 run, 1 hit, 0 errors, 0 left on base; Santa Barbara 0 - Sunset District 1
TOP OF THE 3RD
Santa Barbara Golden Cranes batting - Pitching for Sunset District Fog : RHP Miguel Cabañas
Batting: RHB Salvador Noriega 0-0: Ball
1-0: Ground out 5-3 (Groundball, 5S)
Batting: SHB Kunimichi Chikafuji 0-0: Swinging Strike
0-1: Fly out, F8 (Line Drive, 89M)
Batting: RHB James Pike 0-0: Ball
1-0: Ball
2-0: Called Strike
2-1: Ball
3-1: Base on Balls
Batting: RHB Ed St. James Pickoff Throw to First - Error! E1
James Pike to second
0-0: Swinging Strike
0-1: Called Strike
0-2: Ground out 5-3 (Groundball, 5)
Top of the 3rd over - 0 runs, 0 hits, 1 error, 1 left on base; Santa Barbara 0 - Sunset District 1
BOTTOM OF THE 3RD
Sunset District Fog batting - Pitching for Santa Barbara Golden Cranes : RHP José Guillén
Batting: SHB José Ángel 0-0: Ball
1-0: Fly out, F8 (Line Drive, 8LD)
Batting: SHB Esteban Lugo 0-0: Ball
1-0: Ball
2-0: Ground out 1-3 (Groundball, 13S)
Batting: SHB Orlando Villa 0-0: Foul Ball, location: 2F
0-1: Ball
1-1: DOUBLE (Line Drive, 9LM)
Batting: LHB Armando Carmona 0-0: Ground out 4-3 (Groundball, 4)
Bottom of the 3rd over - 0 runs, 1 hit, 0 errors, 1 left on base; Santa Barbara 0 - Sunset District 1
TOP OF THE 4TH
Santa Barbara Golden Cranes batting - Pitching for Sunset District Fog : RHP Miguel Cabañas
Batting: RHB Gilbert Graham 0-0: Ball
1-0: Swinging Strike
1-1: Foul Ball, location: 2F
1-2: Ball
2-2: Strikes out swinging
Batting: RHB Byron Isaacson 0-0: Ball
1-0: Swinging Strike
1-1: Ball
2-1: Foul Ball, location: 2F
2-2: Fly out, F4 (Line Drive, 4)
Batting: LHB Sixto Álvarez 0-0: Ball
1-0: SINGLE (Flyball, 8LS)
Batting: RHB Christian Turner 0-0: Called Strike
0-1: Fly out, F8 (Flyball, 8RD)
Top of the 4th over - 0 runs, 1 hit, 0 errors, 1 left on base; Santa Barbara 0 - Sunset District 1
BOTTOM OF THE 4TH
Sunset District Fog batting - Pitching for Santa Barbara Golden Cranes : RHP José Guillén
Batting: RHB Alfonso Nazario 0-0: Ball
1-0: Called Strike
1-1: Foul Ball, location: 2F
1-2: Fly out, F7 (Flyball, 7S)
Batting: RHB Chad Shafer 0-0: Ball
1-0: Foul Ball, location: 2F
1-1: Called Strike
1-2: Foul Ball, location: 2F
1-2: Foul Ball, location: 2F
1-2: Ball
2-2: Foul Ball, location: 2F
2-2: Ball
3-2: Foul Ball, location: 2F
3-2: Strikes out looking and he physically ARGUES THE CALL AND IS TOSSED!
Batting: RHB José Vargas 0-0: Ground out 6-3 (Groundball, 6)
Bottom of the 4th over - 0 runs, 0 hits, 0 errors, 0 left on base; Santa Barbara 0 - Sunset District 1
TOP OF THE 5TH
Santa Barbara Golden Cranes batting - Pitching for Sunset District Fog : RHP Miguel Cabañas
Now at C: Colin O'Connell
Batting: RHB Héctor Moreno 0-0: SINGLE (Line Drive, 4MD)
Batting: RHB Salvador Noriega 0-0: Sac Bunt - play at first, batter OUT! 1-3
Héctor Moreno to second
Batting: SHB Kunimichi Chikafuji 0-0: Called Strike
0-1: Ball
1-1: Ball
2-1: Foul Ball, location: 2F
2-2: Ground out 4-3 (Groundball, 4)
Héctor Moreno to third
Batting: RHB James Pike 0-0: Fly out, F9 (Flyball, 89D)
Top of the 5th over - 0 runs, 1 hit, 0 errors, 1 left on base; Santa Barbara 0 - Sunset District 1
BOTTOM OF THE 5TH
Sunset District Fog batting - Pitching for Santa Barbara Golden Cranes : RHP José Guillén
Batting: RHB Jud Regan 0-0: Ball
1-0: Ball
2-0: Called Strike
2-1: Swinging Strike
2-2: Strikes out swinging
Batting: LHB Enrique Vásquez 0-0: Swinging Strike
0-1: Foul Ball, location: 2F
0-2: Foul Ball, location: 2F
0-2: Ground out 1-3 (Groundball, 13)
Batting: SHB José Ángel 0-0: Swinging Strike
0-1: Called Strike
0-2: Ball
1-2: Foul Ball, location: 2F
1-2: Ball
2-2: Foul Ball, location: 2F
2-2: Strikes out swinging
Bottom of the 5th over - 0 runs, 0 hits, 0 errors, 0 left on base; Santa Barbara 0 - Sunset District 1
TOP OF THE 6TH
Santa Barbara Golden Cranes batting - Pitching for Sunset District Fog : RHP Miguel Cabañas
Batting: RHB Ed St. James 0-0: Ball
1-0: Called Strike
1-1: Foul Ball, location: 2F
1-2: Strikes out swinging
Batting: RHB Gilbert Graham 0-0: Ball
1-0: Fly out, F4 (Line Drive, 4)
Batting: RHB Byron Isaacson 0-0: Foul Ball, location: 2F
0-1: Foul Ball, location: 2F
0-2: Ball
1-2: Ball
2-2: Strikes out swinging
Top of the 6th over - 0 runs, 0 hits, 0 errors, 0 left on base; Santa Barbara 0 - Sunset District 1
BOTTOM OF THE 6TH
Sunset District Fog batting - Pitching for Santa Barbara Golden Cranes : RHP José Guillén
Batting: SHB Esteban Lugo 0-0: Reaches on Catchers interference
Batting: SHB Orlando Villa 0-0: Bunted foul
0-1: Ball
1-1: Foul Ball, location: 2F
1-2: Ball
2-2: Strikes out swinging
Batting: LHB Armando Carmona 0-0: Ball
1-0: Called Strike
1-1: Ball
2-1: SINGLE (Flyball, 7LS)
Esteban Lugo to second
Batting: RHB Alfonso Nazario 0-0: Called Strike
0-1: Foul Ball, location: 2F
0-2: Ball
1-2: Strikes out swinging
Batting: RHB Colin O'Connell 0-0: Ground out U3 (Groundball, 34)
Bottom of the 6th over - 0 runs, 1 hit, 1 error, 2 left on base; Santa Barbara 0 - Sunset District 1
TOP OF THE 7TH
Santa Barbara Golden Cranes batting - Pitching for Sunset District Fog : RHP Miguel Cabañas
Batting: LHB Sixto Álvarez 0-0: Called Strike
0-1: Ball
1-1: Ball
2-1: Fly out, F8 (Flyball, 8RD)
Batting: RHB Christian Turner 0-0: Called Strike
0-1: Ball
1-1: Ball
2-1: Ball
3-1: Base on Balls
Pitching: RHP Chae-seong Kim
Batting: RHB Héctor Moreno 0-0: Called Strike
0-1: Ball
1-1: Ball
2-1: Foul Ball, location: 2F
2-2: Ball
3-2: SINGLE (Line Drive, 6MD)
Christian Turner to second
Batting: RHB Salvador Noriega 0-0: Ball
Christian Turner is caught stealing 3rd base
1-0: Ball
2-0: Called Strike
2-1: Ground out 1-3 (Groundball, 13)
Top of the 7th over - 0 runs, 1 hit, 0 errors, 1 left on base; Santa Barbara 0 - Sunset District 1
BOTTOM OF THE 7TH
Sunset District Fog batting - Pitching for Santa Barbara Golden Cranes : RHP José Guillén
Batting: RHB José Vargas 0-0: Called Strike
0-1: Ground out 5-3 (Groundball, 56)
Batting: RHB Jud Regan 0-0: Ball
1-0: Ball
2-0: Ball
3-0: Base on Balls
Batting: LHB Enrique Vásquez 0-0: Ball
1-0: Ball
2-0: Ball
3-0: Called Strike
3-1: Fielders Choice at 2nd, 1-4 (Groundball, 15S)
Batting: SHB José Ángel 0-0: DOUBLE (Line Drive, 9LM)
Enrique Vásquez to third
Runner from 3rd tries for Home, SAFE, no throw
Batting: SHB Esteban Lugo 0-0: DOUBLE (Line Drive, 8RXD)
José Ángel scores
Batting: SHB Orlando Villa 0-0: Called Strike
0-1: Ground out 1-3 (Groundball, 13)
Bottom of the 7th over - 2 runs, 2 hits, 0 errors, 1 left on base; Santa Barbara 0 - Sunset District 3
TOP OF THE 8TH
Santa Barbara Golden Cranes batting - Pitching for Sunset District Fog : RHP Chae-seong Kim
Batting: SHB Kunimichi Chikafuji 0-0: Ball
1-0: Ball
2-0: Ball
3-0: Called Strike
3-1: Base on Balls
Batting: RHB James Pike 0-0: Fly out, F7 (Flyball, 7S)
Batting: RHB Ed St. James 0-0: Called Strike
0-1: Ball
1-1: Fielders Choice at 2nd, 6-4 (Groundball, 6)
Batting: RHB Gilbert Graham 0-0: Called Strike
0-1: Foul Ball, location: 2F
0-2: Fly out, F8 (Flyball, 8RS)
Top of the 8th over - 0 runs, 0 hits, 0 errors, 1 left on base; Santa Barbara 0 - Sunset District 3
BOTTOM OF THE 8TH
Sunset District Fog batting - Pitching for Santa Barbara Golden Cranes : RHP José Guillén
Batting: LHB Armando Carmona 0-0: Ball
1-0: Called Strike
1-1: Ball
2-1: Ball
3-1: Base on Balls
Batting: RHB Alfonso Nazario 0-0: Ball
Armando Carmona steals 2nd base
1-0: Called Strike
1-1: Ball
2-1: Swinging Strike
2-2: Foul Ball, location: 2F
2-2: Foul Ball, location: 2F
2-2: Foul Ball, location: 2F
2-2: Strikes out looking
Batting: RHB Colin O'Connell 0-0: Intentional Walk
Pitching: LHP Kaluka Wene
Batting: RHB José Vargas 0-0: SINGLE (Groundball, 13) (infield hit)
Armando Carmona to third
Colin O'Connell to second
Batting: RHB Jud Regan 0-0: Ball
1-0: Swinging Strike
1-1: Ball
2-1: Foul Ball, location: 2F
2-2: Ball
3-2: Strikes out swinging
Batting: LHB Enrique Vásquez 0-0: Foul Ball, location: 2F
0-1: Ball
1-1: Ball
2-1: Foul Ball, location: 2F
2-2: Foul Ball, location: 2F
2-2: Fly out, F5 (Popup, 5SF)
Bottom of the 8th over - 0 runs, 1 hit, 0 errors, 3 left on base; Santa Barbara 0 - Sunset District 3
TOP OF THE 9TH
Santa Barbara Golden Cranes batting - Pitching for Sunset District Fog : RHP Chae-seong Kim
Pitching: RHP Wyatt Meek
Batting: RHB Byron Isaacson 0-0: Ball
1-0: Swinging Strike
1-1: Foul Ball, location: 2F
1-2: Foul Ball, location: 2F
1-2: Fly out, F9 (Flyball, 9D)
Batting: LHB Sixto Álvarez 0-0: Called Strike
0-1: Ground out 5-3 (Groundball, 56S)
Batting: RHB Christian Turner 0-0: Swinging Strike
0-1: Ball
1-1: Ball
2-1: Swinging Strike
2-2: Strikes out swinging
Top of the 9th over - 0 runs, 0 hits, 0 errors, 0 left on base; Santa Barbara 0 - Sunset District 3
Sunday, March 18th, 2018 - OOTP Baseball 18.8 Build 76